 Dungeon Crawl Stone Soup version 0.21-a0-179-gd2bfb5f (console) character file.

1052 utis the Jinx (level 8, 36/36 HPs)
             Began as a Felid Enchanter on Aug 10, 2017.
             Quit the game on level 6 of the Dungeon.
             The game lasted 00:30:54 (11880 turns).

utis the Jinx (Felid Enchanter)                    Turns: 11880, Time: 00:30:54

Health: 36/36      AC:  2    Str:  4    XL:     8   Next: 5%
Magic:  13/13      EV: 21    Int: 18    God:
Gold:   167        SH:  0    Dex: 18    Spells: 1/13 levels left
                                        Lives:  1   Deaths: 1

rFire    . . .     SeeInvis +     - Unarmed
rCold    . . .     Gourm    .   (shield unavailable)
rNeg     . . .     Faith    .   (armour unavailable)
rPois    .         Spirit   .   (helmet unavailable)
rElec    .         Reflect  .   (cloak unavailable)
rCorr    .         Harm     .   (gloves unavailable)
MR       +....                  (boots unavailable)
Stlth    ++++......             (no amulet)
HPRegen  0.12/turn              (no ring)
MPRegen  0.13/turn              (no ring)

@: quick
A: no armour, no weapons or thrown items, stealth, claws 1, fangs 3, see
invisible, carnivore 3, speed 1, shaggy fur 2, slow metabolism 1, sharp paws
a: no special abilities


You were on level 6 of the Dungeon.
You were not hungry.

You visited 1 branch of the dungeon, and saw 6 of its levels.

You collected 398 gold pieces.
You spent 231 gold pieces at shops.

Inventory:

Armour
 i - a +0 helmet
 n - a +0 pair of gloves
 u - a cursed +0 pair of boots
 w - a +0 cloak
Jewellery
 d - a +6 ring of protection {unknown}
 k - an uncursed amulet of guardian spirit {unknown}
 r - an uncursed ring of resist corrosion {unknown}
 s - an uncursed ring of protection from cold {unknown}
 C - a cursed ring of loudness {unknown}
Scrolls
 c - 2 scrolls of remove curse {@r2}
 e - a scroll of enchant armour {unknown}
 g - 2 scrolls of magic mapping {unknown}
 h - 3 scrolls of blinking
 j - a scroll of recharging {unknown}
 y - a scroll of identify {@r1}
Potions
 l - 2 potions of brilliance
 o - 2 potions of curing {@q1}
 p - a potion of resistance
 q - a potion of lignification
 t - a potion of mutation {unknown}
 v - a potion of heal wounds {@q2}
 x - a potion of haste {unknown}
 z - a potion of magic
Books
 a - a book of Maledictions

   Spells                             Type                      Level
   a - Corona                         Hexes                        1
   b - Ensorcelled Hibernation        Hexes/Ice                    2
   c - Confuse                        Hexes                        3
   d - Tukima's Dance                 Hexes                        3
   e - Dazzling Spray                 Conjuration/Hexes            3
 B - a book of Changes

   Spells                             Type                      Level
   a - Beastly Appendage              Transmutation                1
   b - Sticks to Snakes               Transmutation                2
   c - Spider Form                    Transmutation/Poison         3
   d - Ice Form                       Ice/Transmutation            4
   e - Blade Hands                    Transmutation                5
Comestibles
 b - 4 meat rations {@e1}
 f - 6 royal jellies {@e3}


   Skills:
 + Level 4.4 Fighting
 + Level 5.0 Dodging
 + Level 6.4 Stealth
 * Level 6.8 Unarmed Combat
 - Level 3.0 Spellcasting
 * Level 9.6 Hexes
 - Level 2.1 Ice Magic


You had one spell level left.
You knew the following spells:

 Your Spells              Type           Power        Failure   Level  Hunger
a - Corona                Hex            #####..      1%          1    None
d - Tukima's Dance        Hex            #####...     1%          3    ###....
e - Ensorcelled Hibernat  Hex/Ice        ###...       2%          2    ##.....
o - Confuse               Hex            #####...     1%          3    ###....
y - Dazzling Spray        Conj/Hex       ###...       7%          3    ###....


Dungeon Overview and Level Annotations

Branches:
Dungeon (6/15)             Temple (0/1) D:5

Altars:
Ashenzari
Hepliaklqana
Kikubaaqudgha
Qazlal
Ru
Uskayaw
Yredelemnul

Shops:
D:5 ((!


Innate Abilities, Weirdness & Mutations

You cannot wear armour.
You are incapable of wielding weapons or throwing items.
Your paws allow you to move quietly. (Stealth)
You have sharp claws.
You have razor-sharp teeth.
You have supernaturally acute eyesight. (SInv)
You are carnivorous and can eat meat at any time.
You cover ground quickly.
You are covered in thick fur. (AC +2)
You have a slow metabolism.
Your sharp claws are effective at attacking unaware monsters.


Message History

You barely miss the electric eel. Your bite misses the electric eel.
The electric eel shoots out a bolt of lightning at you!
The bolt of electricity misses you. The bolt of electricity hits you!
The bolt of electricity hits the electric eel.
The electric eel completely resists.
You scratch the electric eel but do no damage.
The electric eel shoots out a bolt of lightning at you!
The bolt of electricity misses you. The bolt of electricity hits you!
* * * LOW HITPOINT WARNING * * *
The bolt of electricity hits the electric eel.
The electric eel completely resists.
The electric eel shoots out a bolt of lightning at you!
The bolt of electricity hits you!
You die...
You are now level 8!
You rejoin the land of the living...
Found a stone staircase leading down.
Unknown command.
Unknown command.
Are you sure you want to abandon this character and quit the game? (Confirm with "yes".)

........... ...........
........░░. ........░░.
░░░░░░░....
░░░░░░░░░░░..➘.
...............
░.░░░░░░░...............
░>.....h+...............
░░░░░░░░░...............
...............
...............
...............
...............
...........░░░.
░░░░░+░░░░░░░░.
░░░...░.)......


There were no monsters in sight!

Vanquished Creatures
  A hippogriff (D:6)
  Sigmund (D:2)
  A hornet zombie (D:6)
  An orc warrior (D:6)
  A black bear (D:6)
  A necrophage (D:5)
  A centaur (D:5)
  A scorpion (D:4)
  An electric eel (D:6)
  A howler monkey (D:5)
  4 crimson imps
  4 hounds
  A jelly (D:6)
  7 orc priests
  5 orc wizards
  3 iguanas
  3 worker ants
  A killer bee zombie (D:6)
  A howler monkey zombie (D:6)
  8 gnolls (D:4)
  6 adders
  A shadow imp (D:5)
  5 worms
  4 dart slugs
  3 leopard geckos
  30 orcs
  9 bats
  10 giant cockroaches
  7 goblins
  7 hobgoblins
  20 jackals
  11 kobolds
  4 quokkas
  A ball python (D:3)
  4 frilled lizards
  7 rats
176 creatures vanquished.

Vanquished Creatures (collateral kills)
  An ogre (D:6)
1 creature vanquished.

Grand Total: 177 creatures vanquished

Notes
Turn   | Place    | Note
-------+----------+-------------------------------------------
     0 | D:1      | utis the Felid Enchanter began the quest for the Orb.
     0 | D:1      | Reached XP level 1. HP: 7/7 MP: 4/4
  1104 | D:1      | Reached XP level 2. HP: 10/11 MP: 6/6
  1123 | D:1      | Learned a level 2 spell: Ensorcelled Hibernation
  2268 | D:1      | Reached XP level 3. HP: 8/14 MP: 7/7
  2405 | D:1      | Learned a level 3 spell: Confuse
  2848 | D:2      | Found a shattered altar of Ashenzari.
  3291 | D:2      | Noticed Sigmund
  3301 | D:2      | Reached skill level 5 in Hexes
  3404 | D:2      | Found an ancient bone altar of Kikubaaqudgha.
  3871 | D:2      | Reached XP level 4. HP: 18/18 MP: 8/8
  3901 | D:2      | Killed Sigmund
  3901 | D:2      | Reached skill level 6 in Hexes
  3901 | D:2      | Reached skill level 1 in Ice Magic
  3901 | D:2      | Reached XP level 5. HP: 13/21 MP: 4/10
  4562 | D:3      | Learned a level 3 spell: Tukima's Dance
  5433 | D:3      | Reached skill level 7 in Hexes
  6026 | D:3      | Gained mutation: You are covered in thick fur. (AC +2) [Felid growth]
  6026 | D:3      | Reached XP level 6. HP: 19/24 MP: 8/11
  6148 | D:3      | Reached skill level 1 in Fighting
  7646 | D:4      | Reached XP level 7. HP: 30/30 MP: 9/12
  8115 | D:4      | Learned a level 3 spell: Dazzling Spray
  8620 | D:4      | shrug
  8777 | D:5      | Entered Level 5 of the Dungeon
  8850 | D:5      | Found Vutao's Weapon Shoppe.
  8873 | D:5      | Found Zofufreagh's Distillery.
  8876 | D:5      | Bought a potion of curing for 33 gold pieces
  8876 | D:5      | Bought a potion of heal wounds for 55 gold pieces
  8876 | D:5      | Bought a potion of magic for 88 gold pieces
  8876 | D:5      | Bought a potion of heal wounds for 55 gold pieces
  8939 | D:5      | Found a staircase to the Ecumenical Temple.
  8963 | D:5      | Reached skill level 5 in Unarmed Combat
  9173 | D:5      | Reached XP level 8. HP: 34/34 MP: 9/13
  9391 | D:5      | Found Fafi's Weapon Emporium.
  9589 | D:5      | Reached skill level 5 in Stealth
  9589 | D:5      | Reached skill level 8 in Hexes
  9982 | D:5      | Found a sacrificial altar of Ru.
 11011 | D:6      | Found a stormy altar of Qazlal.
 11072 | D:6      | Found a sacrificial altar of Ru.
 11076 | D:6      | Found a hazy altar of Hepliaklqana.
 11076 | D:6      | Found a basalt altar of Yredelemnul.
 11079 | D:6      | Noticed a hippogriff
 11087 | D:6      | Killed a hippogriff
 11087 | D:6      | Reached skill level 9 in Hexes
 11089 | D:6      | Found a hide-covered altar of Uskayaw.
 11803 | D:6      | Reached XP level 9. HP: 39/39 MP: 7/14
 11872 | D:6      | ooops
 11877 | D:6      | Reached skill level 5 in Dodging
 11879 | D:6      | Killed from afar by an electric eel
 11880 | D:6      | Reached XP level 8. HP: 0/36 MP: 13/13
 11880 | D:6      | Quit the game

Vault maps used:
D:1:      dpeg_arrival_boxes_within_box, hangedman_abyss_or_decor_lesser_grid
D:2:      nicolae_ashenzari_panopticon, lemuel_statue_altar, uniq_sigmund
D:3:      cheibrodos_sewer_entry_bend
D:4:      hangedman_decor_opposing, guppyfry_early_lair_pool
D:5:      minmay_temple_entry_steel_oval, first_bread, serial_shops, shop,
          kennysheep_mini_moat, shop, nicolae_ru_path_of_blood
D:6:      cheibrodos_two_vegetables, lemuel_crystal_altar,
          grunt_temple_overflow_open, minmay_misc_feat_enclosed

Skill      XL: |  1  2  3  4  5  6  7  8  9 |
---------------+----------------------------+-----
Unarmed Combat | 2 3 4 5 6 |  6.8
Hexes          | 5 6 7 9 |  9.6
Ice Magic      | 1 2 |  2.1
Spellcasting   | 3 |  3.0
Fighting       | 2 3 4 |  4.4
Dodging        | 3 4 5 |  5.0
Stealth        | 6 |  6.4

Action                   |  1- 3 |  4- 6 |  7- 9 || total
-------------------------+-------+-------+-------++-------
Melee: Unarmed           |   126 |   147 |   171 ||   444
       Bite              |     9 |    11 |    11 ||    31
       Punch             |       |     1 |     6 ||     7
 Cast: Corona            |    29 |    14 |    29 ||    72
       Ensorcelled Hiber |    21 |    45 |    72 ||   138
       Confuse           |       |     4 |    17 ||    21
       Tukima's Dance    |       |       |     1 ||     1
  Use: Scroll            |       |     9 |     3 ||    12
       Potion            |       |       |     2 ||     2
 Stab: Sleeping          |    15 |    40 |    44 ||    99
       Distracted        |       |     3 |     1 ||     4
       Confused          |       |     1 |    12 ||    13
       Invisible         |       |       |     1 ||     1
  Eat: Chunk             |    15 |    10 |    14 ||    39
Armor: Skin              |     8 |    15 |    10 ||    33
Dodge: Dodged            |   107 |   126 |    97 ||   330
